 Dungeon Crawl Stone Soup version 0.20.0-8-g6b59dc7 (console) character file.

84 vonhedlund the Conjurer (level 4, 0/33 HPs)
             Began as a Draconian Conjurer on June 1, 2017.
             Slain by Edmund
             ... wielding a +1 flail of draining
              (10 damage)
             ... on level 4 of the Dungeon.
             The game lasted 00:13:43 (2181 turns).

vonhedlund the Conjurer (Draconian Conjurer)        Turns: 2181, Time: 00:13:44

Health: 0/33       AC:  5    Str: 10    XL:     4   Next: 23%
Magic:  6/8        EV: 12    Int: 16    God:
Gold:   68         SH:  0    Dex: 12    Spells: 6/9 levels left

rFire    . . .     SeeInvis .   r - +1 short sword (elec)
rCold    . . .     Gourm    .   (no shield)
rNeg     . . .     Faith    .   (armour unavailable)
rPois    .         Spirit   .   (helmet restricted)
rElec    .         Reflect  .   (no cloak)
rCorr    .         Harm     .   (no gloves)
MR       .....                  (no boots)
Stlth    ++........             (no amulet)
Regen    0.2/turn               (no ring)
MPRegen  0.2/turn               (no ring)

@: drained
A: unfitting armour, cold-blooded, AC +5
a: no special abilities


You were on level 4 of the Dungeon.
You were not hungry.

You visited 1 branch of the dungeon, and saw 4 of its levels.

You collected 68 gold pieces.

Inventory:

Hand Weapons
 r - a +1 short sword of electrocution (weapon)
Missiles
 h - 11 sling bullets
 i - 4 needles of frenzy
 p - 31 poisoned needles
 s - 69 bolts
Jewellery
 f - an uncursed ring of stealth {unknown}
Scrolls
 c - a scroll of immolation {unknown}
 e - 5 scrolls of remove curse {unknown}
 l - 3 scrolls of identify
 n - 3 scrolls of amnesia {unknown}
 q - a scroll of magic mapping {unknown}
 t - 2 scrolls of recharging {unknown}
Potions
 g - 2 potions of flight
 m - a potion of magic
 o - a potion of lignification
 u - a potion of brilliance {unknown}
Books
 a - a book of Conjurations

   Spells                             Type                      Level
   a - Magic Dart                     Conjuration                  1
   b - Searing Ray                    Conjuration                  2
   c - Dazzling Spray                 Conjuration/Hexes            3
   d - Fulminant Prism                Conjuration/Hexes            4
   e - Force Lance                    Conjuration/Translocation    4
   f - Iskenderun's Mystic Blast      Conjuration                  4
Comestibles
 b - 2 bread rations
 j - 3 fruits


   Skills:
 - Level 0.2(0.0) Fighting
 - Level 0.4(0.0) Short Blades
 - Level 2.0(1.5) Dodging
 - Level 2.0(1.5) Stealth
 + Level 3.2(2.7) Spellcasting
 - Level 4.6(4.1) Conjurations


You had 6 spell levels left.
You knew the following spells:

 Your Spells              Type           Power        Failure   Level  Hunger
a - Magic Dart            Conj           ###.         3%          1    #......
b - Searing Ray           Conj           ###...       5%          2    ##.....


Dungeon Overview and Level Annotations

Branches:
Dungeon (4/15)
 Temple: D:4-7

Altars:
Ru
Yredelemnul

Annotations:
D:4 Edmund


Innate Abilities, Weirdness & Mutations

Your plain brown scales are hard. (AC +5)
You cannot fit into any form of body armour.
You are cold-blooded and may be slowed by cold attacks.


Message History

You feel drained.
The searing ray hits Edmund.
Edmund is heavily wounded.
You finish channeling your searing ray.
Casting: Searing Ray
Confirm with . or Enter, or press ? or * to list all spells.
Aiming: Searing Ray
Press: ? - help, Shift-Dir - straight line, f/p - Edmund
Aim: Edmund, wielding a flail of draining and wearing a chain mail (heavily wounded)
Okay, then.
Magic courses through your body. Edmund hits you but does no damage.
You feel drained.
Casting: Searing Ray
Confirm with . or Enter, or press ? or * to list all spells.
Aiming: Searing Ray
Press: ? - help, Shift-Dir - straight line, f/p - Edmund
Aim: Edmund, wielding a flail of draining and wearing a chain mail (heavily wounded)
The searing ray misses Edmund. (Press . to maintain the ray.) Edmund hits you with a flail of draining!
You die...

#.## #<.##
##..###
#....###
#......###
#.........
#..#####. #..#
#..# #..# ##@#
#### #@# #..##
#.# ##...##
#.###.....###
#.##........##
#.##[........#
#.#.......)..#
#..^.........#
#............#
#............#
##............#


You could see Edmund.

Vanquished Creatures
  A worker ant (D:4)
  An adder (D:3)
  A dart slug (D:3)
  A leopard gecko (D:2)
  5 orcs (D:3)
  3 giant cockroaches
  4 goblins
  4 hobgoblins
  7 kobolds
  4 ball pythons
  4 bats
  5 frilled lizards
  4 rats
44 creatures vanquished.

Vanquished Creatures (others)
  An ooze (D:1)
1 creature vanquished.

Grand Total: 45 creatures vanquished

Notes
Turn   | Place    | Note
-------+----------+-------------------------------------------
     0 | D:1      | vonhedlund the Draconian Conjurer began the quest for the Orb.
     0 | D:1      | Reached XP level 1. HP: 14/14 MP: 3/3
   231 | D:1      | Reached XP level 2. HP: 20/20 MP: 0/5
   715 | D:2      | Learned a level 2 spell: Searing Ray
  1090 | D:2      | Reached XP level 3. HP: 12/26 MP: 6/6
  1712 | D:3      | Found a basalt altar of Yredelemnul.
  1714 | D:3      | Found a sacrificial altar of Ru.
  2063 | D:4      | Reached XP level 4. HP: 14/33 MP: 0/8
  2146 | D:4      | Noticed Edmund
  2181 | D:4      | Slain by Edmund

Skill      XL: |  1  2  3 |
---------------+----------+-----
Stealth        | 2 |  2.0
Dodging        | 2 |  2.0
Spellcasting   | 3 |  3.2
Fighting       | |  0.2
Short Blades   | |  0.4
Conjurations   | |  4.6

Action                   |  1- 3 |  4- 6 || total
-------------------------+-------+-------++-------
Melee: Dagger            |    16 |       ||    16
       Short sword       |    71 |       ||    71
       Tailslap          |     4 |       ||     4
 Cast: Magic Dart        |    50 |     2 ||    52
       Searing Ray       |     3 |     2 ||     5
  Use: Scroll            |     1 |     1 ||     2
       Potion            |       |     3 ||     3
 Stab: Sleeping          |     1 |       ||     1
  Eat: Chunk             |     4 |       ||     4
       Fruit             |     1 |       ||     1
Armor: Skin              |    33 |     1 ||    34
Dodge: Dodged            |    65 |       ||    65
